 Dungeon Crawl Stone Soup version 0.27.1 (webtiles) character file.

Game seed: 2355698591209026026

8919 Mesmaeker13 the Fighter (level 11, -3/120 HPs)
             Began as an Ogre Hunter on Aug 25, 2021.
             Was an Elder of Okawaru.
             Slain by a yak (15 damage)
             ... on level 10 of the Dungeon.
             The game lasted 00:21:13 (15662 turns).

Mesmaeker13 the Fighter (Ogre Hunter)              Turns: 15662, Time: 00:21:13

Health: -3/120     AC:  5    Str: 27    XL:     11   Next: 38%
Magic:  11/11      EV: 12    Int: 12    God:    Okawaru [****..]
Gold:   1496       SH:  5    Dex:  9    Spells: 10/10 levels left

rFire    + . .     SeeInvis .   I - +0 giant spiked club
rCold    + + .     Faith    .   (shield currently unavailable)
rNeg     . . .     Spirit   .   E - +2 robe {rC+ rF+}
rPois    +         Reflect  +   (helmet restricted)
rElec    .         Harm     .   (no cloak)
rCorr    +         Rampage  .   (gloves unavailable)
Will     .....                  (boots unavailable)
Stlth    +.........             a - amulet of reflection
HPRegen  0.30/turn              i - ring of protection from cold
MPRegen  0.12/turn              e - ring of Oliaf {rPois Will- rCorr Str+6}

@: attractive
A: large, unfitting armour, tough skin 1
a: Renounce Religion, Heroism


You were on level 10 of the Dungeon.
You worshipped Okawaru.
Okawaru was greatly pleased with you.
You visited 2 branches of the dungeon, and saw 11 of its levels.

You collected 1496 gold pieces.

Inventory:

Hand Weapons
 s - a +7 spear of venom
 I - a +0 giant spiked club (weapon)
Missiles
 c - 2 large rocks (quivered)
 g - 47 poisoned darts
 A - 10 boomerangs
 B - a throwing net
Armour
 t - a +0 kite shield
 E - a +2 robe of resistance (worn)
Jewellery
 a - an amulet of reflection (around neck)
 e - the ring of Oliaf (right hand) {rPois Will- rCorr Str+6}
   (You acquired it on level 2 of the Dungeon)

   [ring of strength]

   Str:       It affects your strength (+6).
   rPois:     It protects you from poison.
   rCorr:     It protects you from acid and corrosion.
   Will:      It decreases your willpower.
 i - a ring of protection from cold (left hand)
 j - a ring of resist corrosion
 m - a ring of ice
Wands
 o - a wand of paralysis (11)
Scrolls
 b - 2 scrolls of magic mapping {unknown}
 d - 2 scrolls of amnesia
 h - a scroll of teleportation
 k - a scroll of fear
 l - a scroll of silence {unknown}
 n - a scroll of holy word
 r - a scroll of enchant armour
 y - 3 scrolls of fog
 F - a scroll of immolation {unknown}
Potions
 p - 2 potions of heal wounds {unknown}
 q - 4 potions of attraction
 v - a potion of brilliance {unknown}
 w - 2 potions of berserk rage {unknown}
 x - 2 potions of lignification {unknown}
 z - a potion of magic
 D - a potion of haste {unknown}


   Skills:
 + Level 11.5 Fighting
 + Level 7.9 Maces & Flails
 + Level 9.7 Throwing
 + Level 8.3 Dodging
 - Level 0.6 Stealth


You had 10 spell levels left.
You didn't know any spells.
Your spell library contained the following spells:

 Spells                   Type           Power      Damage    Failure   Level
 Beastly Appendage        Tmut           0%         N/A       32%         1
 Sandblast                Erth           0%         2d4       32%         1
 Passwall                 Tmut/Erth      0%         N/A       45%         2
 Slow                     Hex            0%         N/A       45%         2
 Wereblood                Tmut           0%         N/A       45%         2
 Confusing Touch          Hex            0%         N/A       69%         3
 Spider Form              Tmut/Pois      0%         N/A       69%         3
 Stone Arrow              Conj/Erth      0%         3d7       69%         3
 Animate Armour           Summ/Erth      0%         N/A       97%         4
 Lee's Rapid Deconstruct  Erth           0%         3d5*      100%        5
 Yara's Violent Unravell  Hex/Tmut       0%         3d3       100%        5
 Lehudib's Crystal Spear  Conj/Erth      0%         10d2      100%        8


Dungeon Overview and Level Annotations

Branches:
Dungeon (10/15)            Temple (1/1) D:5
   Lair: D:8-11         Orc: D:9-12

Altars:
Ashenzari
Cheibriados
Dithmenos
Elyvilon
Fedhas
Gozag
Hepliaklqana
Kikubaaqudgha
Makhleb
Nemelex Xobeh
Okawaru
Qazlal
Ru
Sif Muna
Trog
Uskayaw
Vehumet
Wu Jian
Xom
Yredelemnul
Zin
The Shining One

Shops:
D:5 =*


Innate Abilities, Weirdness & Mutations

You are too large for most types of armour.
You have tough skin. (AC +1)


Message History

You kill the yak!
Okawaru accepts your kill. You block the yak's attack.
The yak barely misses you. x2
The yak gores you but does no damage.
You hit the yak but do no damage.
The yak is severely wounded.
The yak closely misses you. The yak misses you. The yak gores you! x2
You impale the yak!!
You kill the yak!
Okawaru accepts your kill. You block the yak's attack.
The yak completely misses you. You block the yak's attack.
You puncture the yak!
The yak is severely wounded.
The yak closely misses you. The yak completely misses you.
The yak barely misses you.
You hit the yak.
The yak is almost dead.
The yak barely misses you. The yak gores you!
* * * LOW HITPOINT WARNING * * *
The yak barely misses you.
You hit the yak.
The yak is almost dead.
The yak gores you!
* * * LOW HITPOINT WARNING * * *
The yak gores you.
* * * LOW HITPOINT WARNING * * *
You flatten the yak like a pancake!!!
You kill the yak!
Okawaru accepts your kill. The yak gores you!
* * * LOW HITPOINT WARNING * * *
The yak closely misses you.
Unknown command.
You feel better. The yak misses you.
Unknown command.
It was a potion of attraction.
You feel attractive to monsters. The yak gores you!
You die...

#..(...(..# #.........#
#.........# #....(....#
#.........# #...>.....#
#.........# #..@[.....#
#.†)Y.....# #..†.(....#
#..†....... #........P.
#...#.....P ....#......
..............(((#P....P
....(.Y........


You could see a yak.

Vanquished Creatures
  2 two-headed ogres
  A kobold demonologist (D:9)
  2 trolls
  Sigmund (D:6)
  A wyvern (D:10)
  A vampire (D:6)
  2 steam dragons
  10 yaks
  Edmund (D:4)
  2 water moccasins (D:8)
  6 black bears
  4 orc warriors
  4 sky beasts
  4 centaurs
  2 kobold brigands
  10 bullfrogs
  5 gnoll sergeants
  3 scorpions
  5 killer bees (D:9)
  A wight (D:9)
  An electric eel (D:7)
  2 bullfrog zombies (D:6)
  A hound (D:5)
  2 jellies
  A centaur skeleton (D:7)
  A gnoll shaman (D:5)
  7 orc priests
  14 orc wizards
  3 iguanas (D:6)
  2 killer bee zombies
  Robin (D:2)
  25 gnolls
  7 adders
  A shadow imp (D:6)
  An ufetubus (D:6)
  A worm (D:3)
  3 dart slugs
  29 orcs
  7 endoplasms
  A giant cockroach (D:1)
  15 goblins
  8 hobgoblins
  2 jackals (D:5)
  3 quokkas
  9 ball pythons
  4 bats
  8 frilled lizards
  6 kobolds
  6 rats
238 creatures vanquished.

Vanquished Creatures (others)
  An adder (D:3)
  31 fungi (D:10)
  28 plants (D:10)
60 creatures vanquished.

Grand Total: 298 creatures vanquished

Notes
Turn   | Place    | Note
-------+----------+-------------------------------------------
     0 | D:1      | Mesmaeker13 the Ogre Hunter began the quest for the Orb.
     0 | D:1      | Reached XP level 1. HP: 22/22 MP: 1/1
   140 | D:1      | Reached skill level 3 in Fighting
   142 | D:1      | Reached XP level 2. HP: 28/31 MP: 2/2
   742 | D:2      | Reached XP level 3. HP: 37/37 MP: 3/3
   914 | D:2      | Noticed Robin
  1331 | D:2      | Reached skill level 1 in Maces & Flails
  1420 | D:2      | Killed Robin
  1421 | D:2      | Reached XP level 4. HP: 48/48 MP: 4/4
  1819 | D:2      | Identified a scroll of acquirement
  1822 | D:2      | Acquired the ring of Oliaf {rPois Will- rCorr Str+6}
  1894 | D:3      | Noticed a black bear
  1957 | D:4      | Reached skill level 4 in Fighting
  2023 | D:4      | Reached XP level 5. HP: 54/54 MP: 5/5
  2196 | D:4      | You fall into a shaft and drop 3 floors!
  2242 | D:7      | Noticed a centaur
  2326 | D:7      | Noticed a centaur
  2344 | D:7      | Killed a centaur
  2345 | D:7      | Reached skill level 5 in Throwing
  2345 | D:7      | Reached XP level 6. HP: 47/65 MP: 6/6
  2589 | D:7      | Reached skill level 5 in Fighting
  2656 | D:7      | Noticed a vampire
  2742 | D:7      | Reached XP level 7. HP: 61/72 MP: 7/7
  3323 | D:6      | Acquired 678 gold pieces
  3420 | D:6      | Reached skill level 6 in Fighting
  3655 | D:6      | Killed a vampire
  3656 | D:6      | Reached XP level 8. HP: 66/84 MP: 8/8
  4199 | D:5      | Entered Level 5 of the Dungeon
  4386 | D:4      | Noticed Edmund
  4395 | D:4      | Killed Edmund
  4396 | D:4      | Reached skill level 7 in Fighting
  4396 | D:4      | Found a basalt altar of Yredelemnul.
  5528 | D:3      | Found a faded altar of an unknown god.
  5552 | D:3      | Reached skill level 5 in Dodging
  6572 | D:5      | Reached XP level 9. HP: 75/96 MP: 9/9
  6624 | D:5      | Reached skill level 8 in Fighting
  6711 | D:5      | Noticed a troll
  6720 | D:5      | Killed a troll
  6721 | D:5      | Reached skill level 5 in Maces & Flails
  6788 | D:5      | Found Imemmok's Jewellery Emporium.
  6853 | D:5      | Found a staircase to the Ecumenical Temple.
  7174 | Temple   | Entered the Ecumenical Temple
  7304 | Temple   | Became a worshipper of Warmaster Okawaru
  8225 | D:5      | Found Cedweppe's CLEARANCE SALE! EVERYTHING MUST GO!.
  8461 | D:6      | Noticed Sigmund
  8538 | D:6      | Killed Sigmund
  8911 | D:6      | Found a sparkling altar of Nemelex Xobeh.
  8927 | D:6      | Found a burning altar of Makhleb.
  8927 | D:6      | Found a glowing silver altar of Zin.
  8930 | D:6      | Found a blossoming altar of Fedhas.
  9011 | D:6      | Reached skill level 9 in Fighting
 10137 | D:8      | Reached * piety under Okawaru
 10477 | D:8      | Reached XP level 10. HP: 90/107 MP: 10/10
 11268 | D:8      | Identified the +0 ring mail "Vuzutwaoc" {rF+ rC+}
 12752 | D:9      | Noticed a two-headed ogre
 12777 | D:8      | Killed a two-headed ogre
 12777 | D:8      | Reached ** piety under Okawaru
 12778 | D:8      | Reached skill level 10 in Fighting
 13071 | D:9      | Noticed a kobold demonologist
 13088 | D:9      | Killed a kobold demonologist
 13132 | D:9      | Noticed a two-headed ogre
 13141 | D:9      | Killed a two-headed ogre
 13309 | D:9      | Reached *** piety under Okawaru
 13840 | D:9      | Reached XP level 11. HP: 94/119 MP: 11/11
 13983 | D:9      | Reached skill level 11 in Fighting
 14419 | D:10     | Entered Level 10 of the Dungeon
 14554 | D:10     | Noticed a manticore
 15654 | D:10     | Reached **** piety under Okawaru
 15660 | D:10     | HP: 5/120 [yak (14)]
 15662 | D:10     | Slain by a yak

Illustrated notes

Levels and vault maps discovered:
D:1:      minmay_arrival_open_corners, layout_basic, st_stairs_6,
          grunt_decor_one_mirror, chequers_serial_rivers_small_a,
          minmay_misc_feat_secret_circle
D:2:      layout_basic, uniq_robin
D:3:      layout_rooms, shapermc_ecumenical_altar_totnotflames,
          serial_park_tiny_1, minmay_misc_feat_alley, lemuel_old_faithful
D:4:      layout_loops_ring, amcnicky_altar_gilded, uniq_edmund
D:5:      layout_cave_pools, minmay_temple_entry_proselytizer,
          serial_gnoll_camp, gnoll_camp_medium_01, gnoll_camp_mini_sergeant,
          gnoll_camp_mini_hut, gnoll_camp_mini_hut, gnoll_camp_mini_shop,
          nicolae_shop_clearance
D:6:      layout_layer_cave, minitemple, small_statue_intersection,
          minmay_holes, uniq_sigmund
D:7:      layout_layer_cave, st_stairs_8, minmay_crystal_water
D:8:      layout_basic, minmay_misc_feat_more_columns
D:9:      layout_rooms, hangedman_minor_gate_pass
D:10:     layout_long_grid, due_lair_maze_entry_diamond, minmay_pinched_square
Temple:   minmay_crystal_spiral_temple

Skill      XL: |  1  2  3  4  5  6  7  8  9 10 11 |
---------------+----------------------------------+-----
Fighting       | 3 4 5 6 7 9 10 11 | 11.5
Dodging        | 2 3 4 5 6 7 8 |  8.3
Maces & Flails | 1 2 3 4 6 7 |  7.9
Throwing       | 5 6 8 9 |  9.7
Stealth        | |  0.6

Action                   |  1- 3 |  4- 6 |  7- 9 | 10-12 || total
-------------------------+-------+-------+-------+-------++-------
Melee: Whip              |   107 |    59 |   302 |       ||   468
       Short sword       |     1 |       |       |       ||     1
       Spear             |       |       |    64 |   146 ||   210
       Giant spiked club |       |       |       |   117 ||   117
Throw: Large rock        |     4 |       |     8 |     8 ||    20
       Throwing net      |       |     2 |     3 |     2 ||     7
       Dart              |       |       |    37 |     2 ||    39
       Javelin           |       |       |    16 |     8 ||    24
       Boomerang         |       |       |     7 |       ||     7
Invok: Heroism           |       |       |       |     1 ||     1
Evoke: Wand              |       |       |     8 |     1 ||     9
  Use: Scroll            |       |     5 |     7 |     3 ||    15
       Potion            |       |       |     1 |     4 ||     5
 Stab: Paralysed         |       |       |    19 |       ||    19
       Held in net/web   |       |       |       |     1 ||     1
Armor: Robe              |    23 |    10 |    49 |    66 ||   148
Dodge: Dodged            |    48 |    29 |   126 |   151 ||   354
Block: Other             |    15 |     9 |    67 |    69 ||   160
       Reflection        |       |       |     3 |     2 ||     5
